 Dungeon Crawl Stone Soup version 0.30-a0-458-g86641cc369 (webtiles) character file.

Game seed: 11040530664188963101

4852 NinjaNoafa the Nimble (level 10, 0/63 (64) HPs)
             Began as a Tengu Gladiator on Dec 14, 2022.
             Was an Elder of Wu Jian.
             Slain by a death yak (22 damage)
             ... on level 8 of the Dungeon.
             The game lasted 00:21:18 (7442 turns).

NinjaNoafa the Nimble (Tengu Gladiator)             Turns: 7442, Time: 00:21:19

HP:   0/63 (64)     AC:  5    Str: 24    XL:     10   Next: 49%
MP:   11/11         EV: 20    Int:  8    God:    Wu Jian [****..]
Gold: 201           SH:  6    Dex: 20    Spells: 9/9 levels left

rFire   . . .      SeeInvis +    R - +9 dagger of Crusades {flame, rPois Will- rCorr Str+9}
rCold   . . .      Faith    +    H - +0 buckler
rNeg    + . .      Spirit   .    b - +0 leather armour
rPois   +          Reflect  .    c - +0 hat
rElec   .          Harm     .    Q - +0 cloak
rCorr   +          Rampage  .    S - +0 pair of gloves
Will    .....                    (boots unavailable)
Stlth   +.........               l - amulet of faith
HPRegen 0.30/turn                g - ring of positive energy
MPRegen 0.12/turn                B - ring of see invisible

@: exhausted, flying quickly and evasively, lightly drained, quick
A: beak, talons 3, nimble flight
a: Renounce Religion, Wall Jump, Serpent's Lash


You were on level 8 of the Dungeon.
You worshipped Wu Jian.
Wu Jian was greatly pleased with you.
You visited 1 branch of the dungeon, and saw 9 of its levels.
You also visited: Sewer.

You collected 329 gold pieces.
You spent 128 gold pieces at shops.

Inventory:

Hand Weapons
 a - a +0 long sword
 R - the +9 dagger of Crusades (weapon) {flame, rPois Will- rCorr Str+9}
   (You found it on level 8 of the Dungeon)

   It burns those it strikes, dealing additional fire damage.
   Str:       It affects your strength (+9).
   rPois:     It protects you from poison.
   rCorr:     It protects you from acid and corrosion.
   Will:      It decreases your willpower.
Missiles
 d - 2 throwing nets
 j - 111 stones
 k - 2 curare-tipped darts
 y - 14 poisoned darts
 J - a boomerang (quivered)
 K - 2 silver boomerangs
Armour
 b - a +0 leather armour (worn)
 c - a +0 hat (worn)
 H - a +0 buckler (worn)
 P - a +0 kite shield
 Q - a +0 cloak (worn)
 S - a +0 pair of gloves (worn)
 T - a +1 cloak
Jewellery
 g - a ring of positive energy (left hand)
 l - an amulet of faith (around neck)
 n - the amulet of Elemental Vulnerability {rPois rF-- rC-- AC+8}
   (You found it on level 2 of the Dungeon)

   [amulet of nothing]

   AC:        It affects your AC (+8).
   rF:        It makes you very vulnerable to fire.
   rC:        It makes you very vulnerable to cold.
   rPois:     It protects you from poison.
 B - a ring of see invisible (right hand)
Wands
 q - a wand of acid (8)
 x - a wand of flame (23)
 A - a wand of digging (5)
Scrolls
 e - 2 scrolls of enchant weapon {unknown}
 m - 3 scrolls of poison
 o - 2 scrolls of fog
 p - a scroll of fear {unknown}
 r - a scroll of amnesia {unknown}
 t - 2 scrolls of teleportation
 u - a scroll of noise
 D - 2 scrolls of enchant armour {unknown}
 F - 3 scrolls of silence {unknown}
 I - a scroll of vulnerability
 L - a scroll of blinking {unknown}
 N - a scroll of immolation {unknown}
 O - a scroll of identify
Potions
 f - 3 potions of curing
 h - 3 potions of haste
 i - a potion of flight {unknown}
 s - 4 potions of lignification
 v - a potion of berserk rage {unknown}
 w - 3 potions of cancellation
 z - 7 potions of heal wounds
 C - 2 potions of invisibility
 E - a potion of brilliance {unknown}
 G - 3 potions of degeneration
 M - 2 potions of mutation {unknown}
 U - a potion of resistance {unknown}


   Skills:
 - Level 8.0 Fighting
 - Level 3.1(6.0) Short Blades
 - Level 8.0(8.2) Long Blades
 - Level 2.0 Throwing
 - Level 4.0 Armour
 - Level 8.0 Dodging
 + Level 5.8 Shields
 + Level 4.5 Evocations


You had 9 spell levels left.
You didn't know any spells.
Your spell library contained the following spells:

 Spells                   Type           Power      Damage    Failure   Level
 Beastly Appendage        Tmut           0%         N/A       54%         1
 Foxfire                  Conj/Fire      0%         2x1d4     54%         1
 Freeze                   Ice            0%         1d3       54%         1
 Sting                    Tmut/Pois      0%         1d3       54%         1
 Ensorcelled Hibernation  Hex/Ice        0%         N/A       67%         2
 Passwall                 Tmut/Erth      0%         N/A       67%         2
 Wereblood                Tmut           0%         N/A       67%         2
 Frozen Ramparts          Ice            0%         1d1       88%         3
 Hailstorm                Conj/Ice       0%         3d3       88%         3
 Portal Projectile        Hex/Tloc       0%         N/A       88%         3
 Spider Form              Tmut/Pois      0%         N/A       88%         3
 Swiftness                Air            0%         N/A       88%         3
 Tukima's Dance           Hex            0%         N/A       88%         3
 Blade Hands              Tmut           0%         N/A       100%        5
 Fireball                 Conj/Fire      0%         3d3       100%        5
 Starburst                Conj/Fire      0%         6d3       100%        6


Dungeon Overview and Level Annotations

Branches:
Dungeon (9/15)             Temple (0/1) D:6           Sewer (visited)
   Lair: D:8-11         Orc: D:9-12

Altars:
Ashenzari
Makhleb
Ru
Trog
Uskayaw
Vehumet
Wu Jian
Xom
Jiyva

Shops:
D:3 ?   D:6 ?

Annotations:
D:3 3 runed translucent doors, AigisTheKnight's ghost, amateur GrEE


Innate Abilities, Weirdness & Mutations

You have a beak for a mouth.
You have claws for feet.
Your magical nature lets you fly swiftly and evasively.


Message History

You hear a deafening roar!
The hell rat misses you.
There is an open door here.
The hell rat attacks as you move away! You block the hell rat's attack.
There is a stone staircase leading up here.
You closely miss the hell rat.
You claw the hell rat, but do no damage.
The hell rat is heavily wounded.
The hell rat misses you.
You closely miss the hell rat. Your peck misses the hell rat.
The hell rat is heavily wounded.
The hell rat closely misses you.
You barely miss the hell rat. You claw the hell rat.
Your peck misses the hell rat.
The hell rat is heavily wounded.
The hell rat completely misses you.
You barely miss the hell rat. Your kick misses the hell rat.
The hell rat is heavily wounded.
You fly upwards.
There is a stone staircase leading down here.
You hit the death yak but do no damage.
You claw the death yak, but do no damage.
The death yak gores you!!
You see here a +0 quarterstaff.
Your muscles tense, ready for explosive movement...
You lunge with incredible momentum at the death yak, in a flurry of attacks.
You hit the death yak but do no damage. You peck the death yak.
The death yak is lightly wounded.
You hit the death yak. You burn the death yak.
You claw the death yak, but do no damage.
You peck the death yak, but do no damage.
The death yak is lightly wounded.
Your supernatural speed expires.
You hit the death yak but do no damage. You claw the death yak.
The death yak is lightly wounded.
The death yak gores you!
You hit the death yak but do no damage.
The death yak is lightly wounded.
The death yak gores you!!
You die...

....#....###.#.## #g###.........
.........# #.#.## #..)..........
.........# ###..# #..##.........
.........######.# #..##.........
.....###.)..# #.# #..##..)......
.....# ####.###.####..##.........
.....# #.##...................
....## ####.##...................
...#####.......Y@○○..............
######...####...........#......##
#####..###.......##.......#######
......###.)#####.####..####### #
#########.## ###[#...........# #
# #.......# ##.[.#.##........# #
#.....#####................# #
#.....#..........###.......####
#.......##.......# #######.....


You could see a death yak.

Vanquished Creatures
  A two-headed ogre (D:9)
  A hornet (D:8)
  A wraith (D:6)
  3 black bears (D:5)
  3 ice beasts
  A sky beast (D:6)
  3 ogres
  3 centaurs
  2 phantoms
  4 bullfrogs
  2 scorpions (D:5)
  A gnoll sergeant (D:8)
  A necrophage (D:7)
  11 wights
  4 killer bees (D:8)
  7 howler monkeys
  7 jellies
  3 gnoll boudas
  6 orc priests
  A hound (D:7)
  2 iguanas
  2 hell rats (D:9)
  4 orc wizards
  12 adders
  25 gnolls
  2 shadow imps
  A worm (D:4)
  A dart slug (D:2)
  26 orcs
  9 ball pythons
  3 bats
  5 endoplasms
  6 giant cockroaches
  11 goblins
  7 hobgoblins
  3 quokkas
  11 frilled lizards
  5 kobolds
  4 rats
204 creatures vanquished.

Vanquished Creatures (others)
  3 fungi (D:2)
  A plant (D:2)
4 creatures vanquished.

Grand Total: 208 creatures vanquished

Notes
Turn   | Place    | Note
-------+----------+-------------------------------------------
     0 | D:1      | NinjaNoafa the Tengu Gladiator began the quest for the Orb.
     0 | D:1      | Reached XP level 1. HP: 12/12 MP: 2/2
   274 | D:1      | Reached XP level 2. HP: 17/17 MP: 3/3
   720 | D:2      | Found a faded altar of an unknown god.
   736 | D:2      | Reached XP level 3. HP: 22/22 MP: 4/4
   743 | D:2      | Got Plato's Lessons on the Snake
   855 | D:2      | Found the amulet of Elemental Vulnerability {rPois rF--
                  | rC-- AC+8}
   902 | D:2      | Found a broken altar of Ashenzari.
  1136 | D:2      | Reached XP level 4. HP: 27/27 MP: 5/5
  1540 | D:3      | Gained mutation: Your magical nature lets you fly swiftly
                  | and evasively. [Tengu growth]
  1540 | D:3      | Reached XP level 5. HP: 32/32 MP: 6/6
  1617 | D:3      | Found a runed translucent gate.
  1619 | D:3      | Noticed AigisTheKnight's ghost (amateur GrEE)
  1623 | D:3      | Found a runed translucent gate.
  1623 | D:3      | Found a runed translucent gate.
  1714 | D:3      | Found Ufinejon's Magic Scroll Emporium.
  1724 | D:3      | Bought a scroll of teleportation for 30 gold pieces
  1724 | D:3      | Bought a scroll of noise for 10 gold pieces
  1724 | D:3      | Bought a scroll of identify for 20 gold pieces
  1724 | D:3      | Bought a scroll of identify for 20 gold pieces
  1724 | D:3      | Bought a scroll of identify for 20 gold pieces
  1801 | D:3      | Found a burning altar of Makhleb.
  2092 | D:4      | Reached XP level 6. HP: 35/38 MP: 7/7
  2102 | D:4      | Identified the +2 pair of gloves of the Ant {rN+ MP-9
                  | Int+3}
  2146 | D:4      | Reached skill level 5 in Dodging
  2210 | D:4      | Reached skill level 5 in Long Blades
  2428 | D:4      | Found an ornate altar of the Wu Jian Council.
  2467 | D:4      | Became a worshipper of the Wu Jian Council
  2563 | D:4      | Found a glowing drain.
  2580 | Sewer    | Entered a sewer
  2939 | D:5      | Entered Level 5 of the Dungeon
  2951 | D:5      | Found a radiant altar of Vehumet.
  2969 | D:5      | Reached XP level 7. HP: 44/44 MP: 0/8
  3150 | D:5      | Reached * piety under Wu Jian
  3151 | D:5      | Reached skill level 5 in Fighting
  3347 | D:5      | Reached XP level 8. HP: 49/49 MP: 0/9
  3380 | D:5      | Reached skill level 1 in Armour
  3380 | D:5      | Reached skill level 1 in Shields
  4074 | D:5      | Found a sacrificial altar of Ru.
  4273 | D:6      | Noticed a wraith
  4286 | D:6      | Killed a wraith
  4287 | D:6      | Reached ** piety under Wu Jian
  4288 | D:6      | Reached XP level 9. HP: 41/55 MP: 1/10
  4440 | D:6      | Found Qafielu's Magic Scroll Boutique.
  4536 | D:6      | Bought a scroll of identify for 28 gold pieces
  4636 | D:6      | Found a bloodstained altar of Trog.
  4701 | D:6      | Found a staircase to the Ecumenical Temple.
  5014 | D:6      | Found a shimmering altar of Xom.
  5184 | D:7      | Reached *** piety under Wu Jian
  5185 | D:7      | Reached skill level 1 in Evocations
  5888 | D:8      | Identified the +9 dagger of Crusades {flame, rPois Will-
                  | rCorr Str+9}
  6026 | D:8      | Noticed a hornet
  6046 | D:8      | Killed a hornet
  6047 | D:8      | Reached XP level 10. HP: 51/63 MP: 11/11
  6142 | D:8      | Reached skill level 1 in Short Blades
  6142 | D:8      | Reached skill level 5 in Shields
  6355 | D:8      | Reached **** piety under Wu Jian
  6542 | D:8      | Found a viscous altar of Jiyva.
  6889 | D:9      | Noticed a two-headed ogre
  6891 | D:9      | Found a hide-covered altar of Uskayaw.
  7287 | D:9      | Noticed a two-headed ogre
  7306 | D:9      | Killed a two-headed ogre
  7396 | D:9      | Noticed a death yak
  7403 | D:9      | Noticed a death yak
  7403 | D:9      | Noticed a death yak
  7442 | D:8      | Slain by a death yak

Illustrated notes

Levels and vault maps discovered:
D:1:      minmay_arrival_up_and_down, layout_basic
D:2:      layout_loops_ring, basic_altar, shapermc_ecumenical_altar_rom_forum
D:3:      layout_rooms, lightli_temple_of_fire, serial_shops,
          nicolae_diamond_shop, gammafunk_ghost_split
D:4:      layout_rooms, nzn_wu_jian_contemplation, cheibrodos_sewer_entry_bend
D:5:      minmay_spotlight, layout_basic, nicolae_ru_the_path_less_chosen,
          fiery_altar_vehumet, nicolae_concentric_dashed_squares_wild,
          chequers_serial_rivers_micro_e, minmay_door_square
D:6:      layout_loops_cross, mainiacjoe_overflow_surrounded_room,
          lemuel_tele_altar, temple_pool_b, serial_shops, shop
D:7:      layout_rooms, nrook_loot_triangle
D:8:      layout_rooms, jiyva_altar_1
D:9:      kennysheep_ambush_hall, layout_irregular_city,
          mainiacjoe_overflow_concentric_impassable, lemuel_blue_sif_altar,
          okawaru_altar_gauntlet_db, dpeg_lair_monsters, nrook_campfire

Skill      XL: |  1  2  3  4  5  6  7  8  9 10 |
---------------+-------------------------------+-----
Long Blades    | 4 5 6 7 8 |  8.0
Dodging        | 4 5 6 7 8 |  8.0
Fighting       | 3 4 5 6 7 8 |  8.0
Armour         | 3 4 |  4.0
Shields        | 2 4 5 |  5.8
Evocations     | 3 4 |  4.5
Short Blades   | 3 |  3.1
Throwing       | |  2.0

Action                   |  1- 3 |  4- 6 |  7- 9 | 10-12 || total
-------------------------+-------+-------+-------+-------++-------
Melee: Long sword        |    47 |   177 |   226 |       ||   450
       Kick              |    13 |    42 |   102 |    33 ||   190
       Unarmed           |     7 |       |       |       ||     7
       Peck              |     4 |    29 |    57 |    23 ||   113
       Punch             |       |     1 |       |       ||     1
       Dagger            |       |       |    25 |    98 ||   123
Throw: Javelin           |     2 |       |       |       ||     2
       Throwing net      |       |     1 |     3 |       ||     4
       Dart              |       |       |     9 |       ||     9
       Boomerang         |       |       |       |     8 ||     8
Invok: Lunge             |       |     8 |    21 |    15 ||    44
       Whirlwind         |       |       |     5 |    21 ||    26
       Serpent's Lash    |       |       |       |     1 ||     1
 Abil: Wall Jump         |       |       |     3 |     1 ||     4
Evoke: Wand              |       |       |     2 |       ||     2
  Use: Scroll            |       |       |     8 |     3 ||    11
       Potion            |       |       |     3 |     1 ||     4
 Stab: Sleeping          |       |       |     2 |       ||     2
Armor: Leather armour    |    20 |    47 |    36 |     7 ||   110
Dodge: Dodged            |    49 |   171 |   183 |    58 ||   461
Block: Buckler           |       |       |    54 |    40 ||    94

Table legend: (Time is in decaauts)
 A = Elapsed time spent in this place.
 B = Non-inter-level travel time spent in this place.
 C = Inter-level travel time spent in this place.
 D = Time resting spent in this place.
 E = Time spent auto-exploring this place.
 F = Levels seen in this place.
 G = Mean time per level.
                   A        B        C        D        E       F      G
               +--------+--------+--------+--------+--------+-----+--------+
         Total |   7109 |   6788 |    321 |      0 |   4981 |  10 |  710.9 |
       Dungeon |   6828 |   6507 |    321 |      0 |   4897 |   9 |  758.7 |
         Sewer |    281 |    281 |      0 |      0 |     83 |   1 |  281.0 |
               +--------+--------+--------+--------+--------+-----+--------+

Top non-repeatable levels by time:
     D:5: 1064 daAuts
     D:6: 1045 daAuts
     D:2: 825 daAuts
     D:8: 813 daAuts
     D:7: 757 daAuts
     D:1: 684 daAuts
     D:4: 585 daAuts
     D:3: 553 daAuts
     D:9: 497 daAuts
   Sewer: 281 daAuts
